 Dungeon Crawl Stone Soup version 0.18-a0-888-g17a9b31 (webtiles) character file.

581 Econoterrorist the Shield-Bearer (level 7, -1/45 HPs)
             Began as a Lacertilian Abyssal Knight on Mar 18, 2016.
             Was an Elder of Lugonu.
             Slain by an orc priest
             ... wielding a +0 hand axe
              (5 damage)
             ... on level 4 of the Dungeon.
             The game lasted 00:10:21 (4532 turns).

Econoterrorist the Shield-Bearer (LaAK)             Turns: 4532, Time: 00:10:21

Health: -1/45      AC: 12    Str: 13    XL:     7   Next: 36%
Magic:  7/7        EV: 10    Int: 13    God:    Lugonu [****..]
Gold:   175        SH:  5    Dex: 14    Spells: 0 memorised, 6 levels left

rFire  . . .     SeeInvis +     a - +1 falchion
rCold  . . .     Gourm    .     g - +0 ring mail
rNeg   . . .     Faith    +     r - +0 buckler
rPois  .         Spirit   .     t - +0 helmet
rElec  .         Dismiss  .     (no cloak)
rCorr  .         Reflect  .     (no gloves)
SustAt .         Harm     +     (no boots)
MR     .....                    b - amulet of harm
Stlth  +++.......               p - +3 ring of protection
                                i - ring of see invisible

@: not resistant to hostile enchantments, fairly stealthy
A: faith, no wrath for changing religions, slimy green scales 2, camouflage 2,
cold-blooded
a: Depart the Abyss, Bend Space, Banish, Corrupt, Renounce Religion


You were on level 4 of the Dungeon.
You worshipped Lugonu.
Lugonu was greatly pleased with you.
You were not hungry.

You visited 1 branch of the dungeon, and saw 4 of its levels.
You visited the Abyss 1 time.

You collected 175 gold pieces.

Inventory:

Hand Weapons
 a - a +1 falchion (weapon)
Armour
 g - a +0 ring mail (worn)
 r - a +0 buckler (worn)
 t - a +0 helmet (worn)
Jewellery
 b - an amulet of harm (around neck)
 i - a ring of see invisible (left hand)
 p - a +3 ring of protection (right hand)
Scrolls
 d - 4 scrolls of recharging {unknown}
 e - a scroll of blinking {unknown}
 f - 3 scrolls of identify {unknown}
 j - a scroll of fear {unknown}
 l - a scroll of amnesia {unknown}
 s - 2 scrolls of random uselessness {unknown}
 w - a scroll of magic mapping {unknown}
Potions
 h - 3 potions of heal wounds {unknown}
 m - a potion of might {unknown}
 n - 2 potions of agility {unknown}
 o - 2 potions of degeneration {unknown}
 q - a potion of curing {unknown}
 v - a potion of berserk rage {unknown}
 x - a potion of haste {unknown}
 z - a potion of flight {unknown}
 A - a potion of lignification {unknown}
Books
 u - a book of Burglary

   Spells                             Type                      Level
   a - Swiftness                      Charms/Air                   2
   b - Passwall                       Transmutation/Earth          3
   c - Passage of Golubria            Translocation                4
   d - Lee's Rapid Deconstruction     Earth                        5
   e - Darkness                       Hexes                        6
   f - Invisibility                   Hexes                        6
 y - a book of Debilitation

   Spells                             Type                      Level
   a - Corona                         Hexes                        1
   b - Slow                           Hexes                        2
   c - Gell's Gravitas                Hexes/Translocation          3
   d - Inner Flame                    Hexes/Fire                   3
   e - Cause Fear                     Hexes                        4
   f - Leda's Liquefaction            Hexes/Earth                  4
Comestibles
 c - 3 bread rations
 k - 5 meat rations


   Skills:
 - Level 2.4 Fighting
 + Level 4.8 Long Blades
 - Level 2.0 Armour
 - Level 1.0 Dodging
 - Level 5.1 Shields
 - Level 2.4 Invocations


You had 6 spell levels left.
You didn't know any spells.

Dungeon Overview and Level Annotations

Branches:
Dungeon (4/15)
 Temple: D:4-7

Altars:
Ashenzari
Fedhas
Trog
Yredelemnul


Innate Abilities, Weirdness & Mutations

You have a strong connection with the divine.
You may change religions without incurring divine wrath.
You are mostly covered in slimy green scales (AC +3).
Your skin blends seamlessly with your surroundings (Stealth).
You are cold-blooded and may be slowed by cold attacks.


Message History

Your ring mail prevents you from hitting the orc priest.
Your tail-slap misses the orc priest.
The orc priest is lightly wounded.
You block the orc wizard's attack. The orc priest barely misses you.
The orc closely misses you. The orc wizard hits you with a dagger.
You hit the orc priest. You tail-slap the orc priest.
The orc priest is moderately wounded.
The orc priest mumbles some strange prayers to Beogh against you.
Something smites you! The orc closely misses you.
You block the orc wizard's attack.
You hit the orc priest but do no damage.
The orc priest is moderately wounded.
The orc priest mumbles some strange prayers to Beogh against you.
Something smites you!
* * * LOW HITPOINT WARNING * * *
The orc wizard closely misses you. The orc closely misses you.
You hit the orc priest.
The orc priest is heavily wounded.
The orc priest hits you with a hand axe.
You die...

.#.........#....#......)'.......#
.##..##..#############..##....###
.##############.######.)##....###
..................#.....#.....#..
..................#.....#.....#..
..................#.....#...)o#..
............>.....'.....#.....(..
###..##..######..###....#####..<.
.#..#....#### #o@# #....# #####
..#...#.....#..oo+ .......
....#.......#....# ........
..#...#.....#....# .....##.
.#..#.......#....# #####
.#).........#.(..#
.######..######..#
.######..#########
.....<...........#


You could see an orc priest, an orc wizard and an orc.

Vanquished Creatures
  3 scorpions
  A jelly (D:3)
  2 hounds (D:4)
  3 orc wizards
  4 orc priests (D:4)
  A hound skeleton (D:4)
  4 adders
  An ooze (D:2)
  3 worms
  23 orcs
  4 bats
  2 giant cockroaches (D:2)
  6 hobgoblins
  2 quokkas
  2 ball pythons
  2 giant newts (D:1)
  13 goblins
  18 kobolds
  3 rats
97 creatures vanquished.

Notes
Turn   | Place    | Note
--------------------------------------------------------------
     0 | Abyss:1  | Econoterrorist the Lacertilian Abyssal Knight began the quest for the Orb.
     0 | Abyss:1  | Reached XP level 1. HP: 15/15 MP: 1/1
    10 | D:1      | Escaped the Abyss
   152 | D:1      | Reached XP level 2. HP: 18/20 MP: 2/2
   323 | D:1      | Reached ** piety under Lugonu
   750 | D:2      | Reached XP level 3. HP: 25/25 MP: 3/3
   813 | D:2      | Reached skill level 3 in Long Blades
  1140 | D:2      | Reached XP level 4. HP: 28/30 MP: 4/4
  1149 | D:2      | Found a bloodstained altar of Trog.
  1435 | D:3      | Found a shattered altar of Ashenzari.
  1475 | D:3      | Reached *** piety under Lugonu
  1477 | D:3      | Reached skill level 4 in Long Blades
  1637 | D:3      | Reached XP level 5. HP: 29/35 MP: 5/5
  2190 | D:3      | Found a blossoming altar of Fedhas.
  2646 | D:4      | Reached XP level 6. HP: 5/41 MP: 1/6
  3265 | D:4      | Found a basalt altar of Yredelemnul.
  3444 | D:4      | Reached **** piety under Lugonu
  3772 | D:4      | Gained mutation: Your skin blends seamlessly with your surroundings (Stealth). [Lacertilian growth]
  3772 | D:4      | Reached XP level 7. HP: 43/45 MP: 7/7
  3861 | D:4      | Reached skill level 5 in Shields
  4532 | D:4      | Slain by an orc priest

Vault maps used:
D:1:      minmay_arrival_hallway, hangedman_decor_slide_cut,
          minmay_misc_feat_rows
D:2:      lightli_temple_of_fire
D:3:      corexii_shack_village, lemuel_crystal_altar, evilmike_ruin_ashenzari
D:4:      lemuel_doored_altar, hex_tiny

Action                   |  1- 3 |  4- 6 |  7- 9 || total
-------------------------+-------+-------+-------++-------
Melee: Falchion          |   112 |   149 |    57 ||   318
Invok: Banish            |       |     1 |       ||     1
 Stab: Sleeping          |       |     3 |       ||     3
  Eat: Chunk             |     1 |     8 |     3 ||    12
